Map: Ulrena

Players

Arno - Winner!

  • Race: Terran Terran
  • League: Silver
  • Spawn Location: 7:00

zidar

  • Race: Zerg Zerg
  • League: Silver
  • Spawn Location: 11:00

VOD

Have the link to the VOD?

Description

Time

  • Played on: Feb. 15, 2016, 2:05 p.m.
  • Length: 8:13
Show
View Real Time Build Order
Export as new Build Order

Arno Terran - Winner!

Build Orders:  

Get SALT Encoding   

  12  0:01  SCV  
  13  0:13  SCV  
  14  0:18  Supply Depot  
  14  0:25  SCV  
  15  0:39  SCV  
  16  0:46  Barracks  
  16  0:51  SCV  
  16  0:53  Refinery  
  17  1:03  SCV  
  18  1:16  SCV  
  19  1:32  Orbital Command  
  19  1:34  Supply Depot  
  19  1:38  Reaper  
  20  1:47  Supply Depot  
  20  1:53  Refinery  
  20  2:09  Marine  
  21  2:17  Factory, SCV  
  22  2:29  SCV  
  23  2:41  SCV  
  24  2:53  SCV  
  24  3:02  Factory Reactor  
  24  3:04  Marine  
  24  3:05  SCV  
  26  3:11  Starport  
  26  3:22  Marine  
  26  3:24  SCV  
  28  3:37  SCV  
  28  3:39  Marine  
  28  3:40  Armory  
  34  3:41  Hellion x2  
  34  3:49  SCV, Supply Depot  
  34  3:50  Medivac  
  37  3:57  Marine  
  37  4:01  SCV  
  39  4:03  Command Center  
  39  4:11  Hellion x2  
  39  4:13  SCV  
  39  4:15  Liberator  
  44  4:17  Marine  
  45  4:32  Hellion x2  
  45  4:35  Marine  
  53  4:47  SCV  
  54  4:59  SCV  
  55  5:01  Supply Depot  
  55  5:06  Liberator  
  55  5:14  Marine  
  55  5:15  Hellion x2  
  55  5:17  Supply Depot  
  63  5:32  Marine  
  64  5:38  Barracks x2  
  64  5:49  Liberator  
  64  5:50  Marine  
  52  6:08  Marine  
  56  6:12  Hellion x2  
  59  6:26  Marine  
  60  6:33  Hellion x2  
  64  6:43  Marine  
  51  6:55  Hellion x2  
  55  7:01  Marine  
  56  7:12  Marine  
  55  7:19  Marine  
  51  7:27  Hellion x2  
  51  7:28  Medivac  
  57  7:30  Marine  
  58  7:37  Marine  
  57  7:48  Marine, Hellion x2  
  62  7:55  Marine  
  65  8:01  SCV  
Show
View Real Time Build Order
Export as new Build Order

zidar Zerg 

Build Orders: Pool First 

Get SALT Encoding   

  12  0:01  Drone  
  13  0:12  Overlord  
  13  0:17  Drone  
  14  0:33  Drone x2  
  14  0:34  Drone  
  17  0:48  Spawning Pool  
  17  0:50  Drone  
  17  1:15  Hatchery  
  17  1:16  Drone  
  17  1:19  Extractor  
  17  1:22  Drone  
  17  1:36  Queen  
  19  1:45  Drone  
  19  1:46  Drone  
  21  1:48  Overlord  
  21  2:11  Drone x2  
  21  2:12  Queen  
  25  2:25  Drone  
  26  2:39  Zergling x2  
  26  3:23  Baneling Nest  
  24  3:28  Zergling x4  
  24  3:29  Zergling x4  
  24  3:32  Overlord  
  24  3:33  Overlord  
  28  3:34  Overlord  
  28  3:38  Lair  
  28  3:41  Extractor  
  27  3:56  Drone x2  
  27  3:57  Drone x3  
  27  3:58  Drone x2  
  34  4:13  Roach Warren  
  33  4:27  Overlord  
  33  4:28  Overlord  
  33  4:30  Zergling x4  
  33  4:31  Zergling x8  
  37  4:32  Zergling x6  
  42  4:47  Baneling  
  42  4:48  Baneling x5  
  42  4:55  Centrifical Hooks  
  42  5:07  Extractor  
  42  5:09  Extractor  
  40  5:20  Drone x3  
  40  5:21  Drone x4  
  27  5:57  Zergling x6  
  27  5:58  Zergling x6  
  26  6:07  Zergling x2  
  26  6:08  Zergling x2  
  28  6:16  Spore Crawler  
  28  6:17  Baneling x2  
  28  6:18  Baneling  
  25  6:20  Zergling x2  
  25  6:21  Zergling x4  
  19  7:20  Zergling x2  
  19  7:21  Zergling x8  
  19  7:22  Zergling x2  
  23  7:27  Spore Crawler  
  7  7:57  Drone x3  
Tags
 
Matchup
TvZ
Opening
Pool First
Spawn Locations
Close Positions
Add a new tag
Caveats
  • Supply blocks, unpowered buildings, or Contaminate may cause inaccurate times.
  • Supply counts are checked every 10 seconds.